 Dungeon Crawl Stone Soup version 0.29-a0-422-gafbd6decc1 (webtiles) character file.

Game seed: 12999547338278680464

7 xian the Conjurer (level 1, 0/14 HPs)
             Began as a Draconian Conjurer on May 19, 2022.
             Slain by a giant cockroach (2 damage)
             ... on level 1 of the Dungeon.
             The game lasted 00:01:12 (223 turns).

xian the Conjurer (Draconian Conjurer)               Turns: 223, Time: 00:01:12

Health: 0/14       AC:  4    Str:  9    XL:     1   Next: 83%
Magic:  0/3        EV: 12    Int: 18    God:
Gold:   51         SH:  0    Dex:  9    Spells: 3/4 levels left

rFire   . . .      SeeInvis .   (no weapon)
rCold   . . .      Faith    .   (no shield)
rNeg    . . .      Spirit   .   (body armour unavailable)
rPois   .          Reflect  .   (helmet restricted)
rElec   .          Harm     .   (no cloak)
rCorr   .          Rampage  .   (no gloves)
Will    .....                   (no boots)
Stlth   ++........              (no amulet)
HPRegen 0.04/turn               (no ring)
MPRegen 0.08/turn               (no ring)

@: no status effects
A: AC +4, unfitting armour, cold-blooded
a: no special abilities


You were on level 1 of the Dungeon.
You visited 1 branch of the dungeon, and saw 1 of its levels.

You collected 51 gold pieces.

Inventory:

Scrolls
 b - a scroll of identify {unknown}
Potions
 a - a potion of magic


   Skills:
 + Level 1.7 Dodging
 + Level 1.7 Stealth
 + Level 2.1 Spellcasting
 + Level 4.3 Conjurations


You had 3 spell levels left.
You knew the following spells:

 Your Spells              Type           Power      Damage    Failure   Level
a - Magic Dart            Conj           68%        1d6       3%          1

Your spell library contained the following spells:

 Spells                   Type           Power      Damage    Failure   Level
 Searing Ray              Conj           34%        2d5       4%          2
 Dazzling Flash           Conj/Hex       18%        N/A       22%         3
 Fulminant Prism          Conj/Hex       4%         3d6       58%         4
 Iskenderun's Mystic Bla  Conj/Tloc      9%         2d4       58%         4


Dungeon Overview and Level Annotations

Branches:
Dungeon (1/15)

Altars:


Innate Abilities, Weirdness & Mutations

Your plain brown scales are hard. (AC +4)
You cannot fit into any form of body armour.
You are cold-blooded and may be slowed by cold attacks.


Message History

You hit the ball python.
The ball python is severely wounded.
The ball python bites you but does no damage.
The ball python constricts you.
The giant cockroach bites you but does no damage. x2
Unknown command.
You closely miss the ball python. You tail-slap the ball python.
You kill the ball python!
The giant cockroach bites you but does no damage. x2
Unknown command.
You are too injured to fight recklessly!
Aiming: Magic Dart (safe; 3% risk of failure)
Press: ? - help, Q - select action Shift-Dir - straight line, f - rat
Aim: a rat (100% to hit)
The magic dart hits the giant cockroach.
The giant cockroach is severely wounded.
The giant cockroach barely misses you. x2
You barely miss the giant cockroach.
The giant cockroach is severely wounded.
The giant cockroach barely misses you. The giant cockroach misses you.
Unknown command.
You barely miss the giant cockroach.
You tail-slap the giant cockroach, but do no damage.
The giant cockroach is severely wounded.
The giant cockroach closely misses you.
The giant cockroach bites you but does no damage.
The giant cockroach closely misses you. The giant cockroach barely misses you.
Unknown command.
You barely miss the giant cockroach.
The giant cockroach is severely wounded.
The giant cockroach bites you but does no damage.
The giant cockroach misses you.
Unknown command.
You hit the giant cockroach but do no damage.
The giant cockroach is severely wounded.
The giant cockroach barely misses you. The giant cockroach closely misses you.
You barely miss the giant cockroach.
The giant cockroach is severely wounded.
The giant cockroach bites you.
You die...

######
#......?........
#................
................
#..........>.
#.$..........
#............
#...........
#..†B...####
#..@Br..#
#####...# #.(.#
#####


You could see 2 giant cockroaches and a rat.

Vanquished Creatures
  2 endoplasms (D:1)
  A giant cockroach (D:1)
  A ball python (D:1)
  A bat (D:1)
  A frilled lizard (D:1)
  A rat (D:1)
7 creatures vanquished.

Notes
Turn   | Place    | Note
-------+----------+-------------------------------------------
     0 | D:1      | xian the Draconian Conjurer began the quest for the Orb.
     0 | D:1      | Reached XP level 1. HP: 14/14 MP: 3/3
   223 | D:1      | Slain by a giant cockroach

Illustrated notes

Levels and vault maps discovered:
D:1:      lightli_arrival_windingriver, layout_basic, minmay_vboxes

Action                   || total
-------------------------++-------
Melee: Unarmed           ||    18
       Tailslap          ||     2
 Cast: Magic Dart        ||    12
 Stab: Sleeping          ||     1
Armor: Skin              ||    22
Dodge: Dodged            ||    42

Table legend: (Time is in decaauts)
 A = Elapsed time spent in this place.
 B = Non-inter-level travel time spent in this place.
 C = Inter-level travel time spent in this place.
 D = Time resting spent in this place.
 E = Time spent auto-exploring this place.
 F = Levels seen in this place.
 G = Mean time per level.
                   A        B        C        D        E       F      G
               +--------+--------+--------+--------+--------+-----+--------+
         Total |    228 |    228 |      0 |      0 |    178 |   1 |  228.0 |
       Dungeon |    228 |    228 |      0 |      0 |    178 |   1 |  228.0 |
               +--------+--------+--------+--------+--------+-----+--------+

Top non-repeatable levels by time:
     D:1: 228 daAuts
